 Dungeon Crawl Stone Soup version 0.30-a0-630-g881e3bac89 (webtiles) character file.

Game seed: 4194614254716771737

1563 Citaku the Protected (level 8, -1/71 HPs)
             Began as a Minotaur Fighter on Jan 13, 2023.
             Slain by kuniqs's ghost (13 damage)
             ... on level 6 of the Dungeon.
             The game lasted 00:06:53 (5499 turns).

Citaku the Protected (Minotaur Fighter)             Turns: 5499, Time: 00:06:53

Health: -1/71      AC:  8    Str: 22    XL:     8   Next: 58%
Magic:  7/7        EV: 10    Int:  5    God:
Gold:   258        SH:  5    Dex: 17    Spells: 7/7 levels left

rFire   . . .      SeeInvis .    f - +1 hand axe (heavy)
rCold   . . .      Faith    .    c - +0 buckler
rNeg    . . .      Spirit   .    z - +0 acid dragon scales
rPois   .          Reflect  .    (helmet restricted)
rElec   .          Harm     .    (no cloak)
rCorr   +          Rampage  .    (no gloves)
Will    .....                    (no boots)
Stlth   +                        (no amulet)
HPRegen 0.31/turn                g - +6 ring of dexterity
MPRegen 0.10/turn                (no ring)

@: studying Long Blades
A: horns 2, retaliatory headbutt
a: no special abilities


You were on level 6 of the Dungeon.
You visited 1 branch of the dungeon, and saw 6 of its levels.

You collected 258 gold pieces.

Inventory:

Hand Weapons
 f - a +1 heavy hand axe (weapon)
Armour
 c - a +0 buckler (worn)
 z - +0 acid dragon scales (worn)
Jewellery
 g - a +6 ring of dexterity (left hand)
 q - a ring of protection from fire
 r - a ring of magical power
 y - a ring of see invisible
Wands
 l - a wand of flame (53)
 p - a wand of charming (2)
Scrolls
 a - 2 scrolls of enchant armour {unknown}
 e - 7 scrolls of identify {unknown}
 h - a scroll of teleportation {unknown}
 j - a scroll of vulnerability {unknown}
 t - a scroll of acquirement {unknown}
 u - a scroll of fog {unknown}
 w - a scroll of magic mapping {unknown}
Potions
 d - a potion of might
 i - a potion of lignification {unknown}
 k - 2 potions of attraction {unknown}
 m - 3 potions of curing
 n - a potion of ambrosia {unknown}
 o - a potion of resistance {unknown}
 s - a potion of experience {unknown}
 v - a potion of degeneration {unknown}
 x - a potion of magic {unknown}


   Skills:
 + Level 6.8 Fighting
 * Level 8.6 Axes
 * Level 9.0 Armour
 - Level 3.6 Shields


You had 7 spell levels left.
You didn't know any spells.
Your spell library contained the following spells:

 Spells                   Type           Power      Damage    Failure   Level
 Magic Dart               Conj           0%         1d3       65%         1
 Sting                    Tmut/Pois      0%         1d3       65%         1
 Call Imp                 Summ           0%         N/A       78%         2
 Poisonous Vapours        Pois/Air       0%         N/A       78%         2
 Frozen Ramparts          Ice            0%         1d1       95%         3
 Mephitic Cloud           Conj/Pois/Air  0%         N/A       95%         3
 Ice Form                 Ice/Tmut       0%         N/A       100%        4
 Olgreb's Toxic Radiance  Pois           0%         N/A       100%        4
 Summon Ice Beast         Ice/Summ       0%         N/A       100%        4


Dungeon Overview and Level Annotations

Branches:
Dungeon (6/15)
 Temple: D:4-7

Altars:
Cheibriados
Elyvilon
Kikubaaqudgha
Nemelex Xobeh
Qazlal
Trog
Yredelemnul
Zin

Annotations:
D:6 kuniqs's ghost, novice FoFi


Innate Abilities, Weirdness & Mutations

You have a pair of horns on your head.
You reflexively headbutt those who attack you in melee.


Message History

You see here a +0 hammer.
Kuniqs's ghost turns its malevolent gaze towards you.
You open the large door. You closely miss kuniqs's ghost.
Kuniqs's ghost hits you!
You slash kuniqs's ghost!
Kuniqs's ghost is moderately damaged.
You block kuniqs's ghost's attack.
You closely miss kuniqs's ghost.
Kuniqs's ghost is moderately damaged.
Kuniqs's ghost hits you! x2
You miss kuniqs's ghost.
Kuniqs's ghost is moderately damaged.
Kuniqs's ghost closely misses you.
You hit kuniqs's ghost but do no damage.
You headbutt kuniqs's ghost!
Kuniqs's ghost is moderately damaged.
You block kuniqs's ghost's attack.
You hit kuniqs's ghost. You headbutt kuniqs's ghost.
Kuniqs's ghost is heavily damaged.
Kuniqs's ghost hits you! x2
You barely miss kuniqs's ghost.
You headbutt kuniqs's ghost, but do no damage.
Kuniqs's ghost is heavily damaged.
Kuniqs's ghost hits you but does no damage.
You closely miss kuniqs's ghost.
You headbutt kuniqs's ghost, but do no damage.
Kuniqs's ghost is heavily damaged.
Kuniqs's ghost closely misses you.
You slash kuniqs's ghost!
Kuniqs's ghost is almost destroyed.
Kuniqs's ghost hits you.
* * * LOW HITPOINT WARNING * * *
You hit kuniqs's ghost but do no damage.
Kuniqs's ghost is almost destroyed.
You block kuniqs's ghost's attack. Kuniqs's ghost hits you.
* * * LOW HITPOINT WARNING * * *
You closely miss kuniqs's ghost.
Kuniqs's ghost is almost destroyed.
Kuniqs's ghost hits you!
You die...

#....#.##................##......
#................................
..#..................##....###...
..#.#................##....>.#...
.........#######...#..##.>......#
.........##≈##~#...#............#
.........###.~.#......#.........#
#..#.....#§.§..#.....##..........
.........##≈$#.W@....##..........
.........#.§§..'.........#......#
..#......##≈.⌠.#..#......###.....
.##......##.#~.#..#...).......###
##.......###≈~##........<.(.....#
.........#######.##..............
............#....................
##..........#.........##....##.##
##...#......#.....#......#...#.#.


You could see kuniqs's ghost.

Vanquished Creatures
  A human (D:4)
  An acid dragon (D:6)
  An ice beast (D:3)
  3 black bears
  An ogre (D:5)
  3 centaurs
  A kobold brigand (D:4)
  A bullfrog (D:6)
  A howler monkey (D:4)
  A gnoll bouda (D:5)
  4 hounds
  Jessica (D:3)
  2 orc wizards (D:6)
  Natasha (thrice) (D:2)
  4 adders
  3 gnolls (D:5)
  A white imp (D:5)
  2 dart slugs
  5 orcs
  6 endoplasms
  A giant cockroach (D:1)
  7 goblins
  6 hobgoblins
  7 jackals
  3 quokkas
  8 ball pythons
  8 bats
  4 frilled lizards
  A goblin zombie (D:4)
  A jackal zombie (D:4)
  7 kobolds
  12 rats
110 creatures vanquished.

Vanquished Creatures (others)
  5 fungi (D:1)
  6 plants (D:1)
11 creatures vanquished.

Grand Total: 121 creatures vanquished

Notes
Turn   | Place    | Note
-------+----------+-------------------------------------------
     0 | D:1      | Citaku the Minotaur Fighter began the quest for the Orb.
     0 | D:1      | Reached XP level 1. HP: 19/19 MP: 0/0
   218 | D:1      | Reached XP level 2. HP: 27/27 MP: 1/1
   224 | D:1      | Reached skill level 4 in Armour
   435 | D:1      | Found a faded altar of an unknown god.
   604 | D:1      | Reached XP level 3. HP: 33/33 MP: 2/2
  1156 | D:2      | Noticed Natasha
  1163 | D:2      | Killed Natasha
  1164 | D:2      | Reached XP level 4. HP: 30/40 MP: 3/3
  1204 | D:2      | Noticed Natasha
  1215 | D:2      | Killed Natasha
  1216 | D:2      | Reached skill level 5 in Armour
  1228 | D:2      | Noticed Natasha
  1237 | D:2      | Killed Natasha
  2001 | D:3      | Noticed Jessica
  2010 | D:3      | Killed Jessica
  2011 | D:3      | Reached XP level 5. HP: 21/47 MP: 4/4
  2417 | D:3      | Found a snail-covered altar of Cheibriados.
  2450 | D:3      | Found a sparkling altar of Nemelex Xobeh.
  2459 | D:3      | Found a glowing silver altar of Zin.
  2825 | D:3      | Noticed an ice beast
  2833 | D:3      | Killed an ice beast
  2834 | D:3      | Reached skill level 5 in Axes
  2834 | D:3      | Reached XP level 6. HP: 41/55 MP: 5/5
  3083 | D:4      | Found a bloodstained altar of Trog.
  3307 | D:4      | Reached skill level 5 in Fighting
  3307 | D:4      | Reached skill level 6 in Armour
  3448 | D:4      | Reached XP level 7. HP: 39/61 MP: 6/6
  3642 | D:4      | Found a stormy altar of Qazlal.
  3667 | D:4      | Found a runed translucent door.
  3667 | D:4      | Noticed a human
  3675 | D:4      | Found a basalt altar of Yredelemnul.
  3687 | D:4      | Killed a human
  3688 | D:4      | Reached skill level 7 in Armour
  3914 | D:5      | Entered Level 5 of the Dungeon
  4448 | D:5      | Reached XP level 8. HP: 70/70 MP: 7/7
  4456 | D:5      | Reached skill level 8 in Armour
  4760 | D:6      | Found an ancient bone altar of Kikubaaqudgha.
  4971 | D:6      | Found a white marble altar of Elyvilon.
  5113 | D:6      | Found a large runed translucent door.
  5113 | D:6      | Found a large runed translucent door.
  5256 | D:6      | Reached skill level 9 in Armour
  5416 | D:6      | Noticed kuniqs's ghost (novice FoFi)
  5499 | D:6      | Slain by kuniqs's ghost

Illustrated notes

Levels and vault maps discovered:
D:1:      dpeg_arrival_refuge, layout_loops_ring,
          shapermc_ecumenical_altar_mp_urbaneastern, minivault_25
D:2:      layout_basic, serial_forest, infiniplex_forest_end_3,
          infiniplex_forest_side_room, infiniplex_forest_lined_room_3,
          infiniplex_forest_zigzag_2, infiniplex_forest_lined_room_2,
          infiniplex_forest_straight_2, infiniplex_forest_end_2,
          infiniplex_forest_lined_corner, infiniplex_forest_3_way, uniq_natasha
D:3:      layout_loops_ring, chei_slow_surprise, mainiacjoe_overflow_swirl,
          reono_crystal_passage, hangedman_glass_teeth, corner_web_ring,
          hangedman_decor_points, minivault_26, roderic_lattice_a,
          minmay_circle_x, uniq_jessica
D:4:      layout_gridville, mainiacjoe_overflow_paths, dk_yredelemnul_ordeal,
          mainiacjoe_overflow_brackets, dk_vineyard_3, minmay_manual_mess
D:5:      layout_gridville, grunt_decor_resistance,
          amcnicky_mini_rare_corridor_liquid
D:6:      layout_cave_pools, mainiacjoe_overflow_small_starburst,
          kennysheep_mini_moat, ebering_ghost_disaster_area,
          grunt_decor_clamped, uniq_crazy_yiuf_cottage

Skill      XL: |  1  2  3  4  5  6  7  8 |
---------------+-------------------------+-----
Armour         | 4 5 6 7 9 |  9.0
Axes           | 3 4 5 6 7 8 |  8.6
Fighting       | 4 5 6 |  6.8
Shields        | |  3.6

Action                   |  1- 3 |  4- 6 |  7- 9 || total
-------------------------+-------+-------+-------++-------
Melee: Hand axe          |    77 |    72 |    91 ||   240
       War axe           |     5 |       |       ||     5
       Headbutt          |    13 |    10 |    12 ||    35
  Use: Potion            |       |       |     1 ||     1
Armor: Scale mail        |    43 |    44 |    48 ||   135
       Acid dragon scale |       |       |     1 ||     1
Dodge: Dodged            |    38 |    40 |    46 ||   124
Block: Buckler           |    23 |    25 |    33 ||    81

Table legend: (Time is in decaauts)
 A = Elapsed time spent in this place.
 B = Non-inter-level travel time spent in this place.
 C = Inter-level travel time spent in this place.
 D = Time resting spent in this place.
 E = Time spent auto-exploring this place.
 F = Levels seen in this place.
 G = Mean time per level.
                   A        B        C        D        E       F      G
               +--------+--------+--------+--------+--------+-----+--------+
         Total |   5644 |   5497 |    147 |     93 |   4326 |   6 |  940.7 |
       Dungeon |   5644 |   5497 |    147 |     93 |   4326 |   6 |  940.7 |
               +--------+--------+--------+--------+--------+-----+--------+

Top non-repeatable levels by time:
     D:2: 1238 daAuts
     D:3: 1152 daAuts
     D:4: 861 daAuts
     D:5: 851 daAuts
     D:1: 781 daAuts
     D:6: 760 daAuts
